 Dungeon Crawl Stone Soup version 0.24.1-14-gf8d2b509d9 (webtiles) character file.

Game seed: 5166419343914834126, levelgen mode: deterministic

261 Blejac999 the Grave Robber (level 6, 0/28 HPs)
             Began as a Vine Stalker Necromancer on May 30, 2020.
             Slain by a worm (8 damage)
             ... on level 3 of the Dungeon.
             The game lasted 00:15:20 (3002 turns).

Blejac999 the Grave Robber (VSNe)                   Turns: 3002, Time: 00:15:21

Health: 0/28       AC:  3    Str: 10    XL:     6   Next: 18%
Magic:  0/13       EV: 12    Int: 17    God:
Gold:   143        SH:  0    Dex: 15    Spells: 1/13 levels left

rFire    . . .     SeeInvis .     - Unarmed
rCold    . . .     Gourm    .   (no shield)
rNeg     . . .     Faith    .   a - +0 robe
rPois    .         Spirit   +   d - +0 helmet
rElec    .         Reflect  .   (no cloak)
rCorr    .         Harm     .   (no gloves)
MR       .....                  (no boots)
Stlth    ++........             (no amulet)
HPRegen  0.49/turn              (no ring)
MPRegen  0.13/turn              (no ring)

@: very slightly contaminated
A: fangs 2, regeneration 1, magic shield, antimagic bite, no potion heal 3, rot
immunity
a: no special abilities


You were on level 3 of the Dungeon.
You were not hungry.

You visited 1 branch of the dungeon, and saw 3 of its levels.

You collected 143 gold pieces.

Inventory:

Armour
 a - a +0 robe (worn)
 d - a +0 helmet (worn)
Jewellery
 b - an uncursed ring of stealth {unknown}
Potions
 e - a potion of resistance
Comestibles
 c - 6 rations
 f - 9 chunks of flesh


   Skills:
 + Level 0.2 Fighting
 + Level 2.0 Dodging
 + Level 2.8 Stealth
 + Level 1.1 Unarmed Combat
 + Level 4.3 Spellcasting
 + Level 5.5 Necromancy


You had one spell level left.
You knew the following spells:

 Your Spells              Type           Power        Failure   Level  Hunger
a - Pain                  Necr           ###.         1%          1    None
b - Animate Skeleton      Necr           N/A          1%          1    None
c - Regeneration          Chrm/Necr      ##........   14%         3    ###....
d - Vampiric Draining     Necr           ###.......   4%          3    ###....
e - Animate Dead          Necr           N/A          16%         4    ####...

Your spell library contained the following spells:

 Spells                   Type           Power        Failure   Level  Hunger


Dungeon Overview and Level Annotations

Branches:
Dungeon (3/15)

Altars:
Dithmenos


Innate Abilities, Weirdness & Mutations

You have extremely sharp teeth.
Your natural rate of healing is unusually fast.
When hurt, damage is shared between your health and your magic reserves.
Your bite disrupts and absorbs the magic of your enemies.
Potions cannot restore your health.
You are immune to rotting.


Message History

Casting: Pain (safe; 1% risk of failure)
Confirm with . or Enter, or press ? or * to list all spells.
Aiming: Pain (safe; 1% risk of failure)
Press: ? - help, Shift-Dir - straight line, f/p - worm
Aim: a worm (heavily wounded, chance to defeat MR: 87%)
The worm writhes in agony!
The worm closely misses you.
Casting: Pain (safe; 1% risk of failure)
Confirm with . or Enter, or press ? or * to list all spells.
Aiming: Pain (safe; 1% risk of failure)
Press: ? - help, Shift-Dir - straight line, f/p - worm
Aim: a worm (almost dead, chance to defeat MR: 87%)
The worm writhes in agony.
Casting: Pain (safe; 1% risk of failure)
Confirm with . or Enter, or press ? or * to list all spells.
You don't have enough magic to cast that spell.
Unknown command.
You barely miss the worm.
The worm is almost dead.
The worm bites you!
You die...

#....# ###.# .#######.##.#
##...## #### .........##<#
##..#..# ##..#
.#######.##.#####...##Z###...#
#.##..(.#...####.###.##
#.#######...# #.##Z#### # #.#
##.## ##..†#.Z.# # #.. #w##
#.Z.###### # ##. #@# #.##..# #
#.#### ### #.##### # #....#
##.# # ####.# #.Z# ## #....#
#.## .# #.##.# #Z# ##
###.##.#########Z#
#...##....ZZZ.Z..#
####Z###############


You could see a worm.

Vanquished Creatures
  A vampire bat (D:3)
  A gnoll (D:1)
  2 adders
  3 worms
  A dart slug (D:1)
  2 fire bats (D:3)
  2 leopard geckos
  An orc (D:3)
  2 bat skeletons (D:3)
  2 giant cockroaches (D:1)
  9 hobgoblins
  3 kobolds
  A quokka (D:2)
  13 bats
  2 frilled lizards
  7 goblins
  4 rats
56 creatures vanquished.

Vanquished Creatures (collateral kills)
  A bullfrog (D:2)
  2 worms
  A bat skeleton (D:3)
  A goblin (D:2)
  A kobold (D:2)
  3 bats (D:3)
  A rat (D:3)
10 creatures vanquished.

Grand Total: 66 creatures vanquished

Notes
Turn   | Place    | Note
-------+----------+-------------------------------------------
     0 | D:1      | Blejac999 the Vine Stalker Necromancer began the quest for
                  | the Orb.
     0 | D:1      | Reached XP level 1. HP: 9/9 MP: 4/4
   150 | D:1      | Learned a level 1 spell: Animate Skeleton
   161 | D:1      | Reached XP level 2. HP: 9/13 MP: 1/6
  1014 | D:1      | Reached XP level 3. HP: 9/16 MP: 2/7
  1679 | D:1      | Learned a level 3 spell: Regeneration
  2229 | D:2      | Gained mutation: Your natural rate of healing is unusually
                  | fast. [Vine Stalker growth]
  2229 | D:2      | Reached XP level 4. HP: 13/21 MP: 4/9
  2446 | D:2      | Noticed a bullfrog
  2460 | D:2      | Killed a bullfrog
  2460 | D:2      | Reached skill level 5 in Necromancy
  2460 | D:2      | Reached XP level 5. HP: 8/24 MP: 6/11
  2650 | D:3      | Found a shadowy altar of Dithmenos.
  2910 | D:3      | Learned a level 3 spell: Vampiric Draining
  2915 | D:3      | Learned a level 4 spell: Animate Dead
  2990 | D:3      | Reached skill level 1 in Unarmed Combat
  2990 | D:3      | Reached XP level 6. HP: 16/28 MP: 13/13
  3002 | D:3      | Slain by a worm

Levels and vault maps discovered:
D:1:      shiori_angband_town, layout_basic
D:2:      layout_rooms, first_ration
D:3:      layout_loops_ring, nicolae_dithmenos_shadow_blocks, marbit_many_paths,
          makhleb_blood_cavern_becter, lemuel_round_altar, goddamned_bats

Skill      XL: |  1  2  3  4  5 |
---------------+----------------+-----
Spellcasting   | 3 4 |  4.3
Necromancy     | 5 |  5.5
Dodging        | 2 |  2.0
Unarmed Combat | 1 |  1.1
Fighting       | |  0.2
Stealth        | |  2.8

Action                   |  1- 3 |  4- 6 || total
-------------------------+-------+-------++-------
Melee: Unarmed           |    25 |    89 ||   114
       Bite              |     6 |    18 ||    24
 Cast: Pain              |    65 |    65 ||   130
       Animate Skeleton  |    10 |    16 ||    26
  Use: Potion            |     3 |     3 ||     6
       Scroll            |     1 |     1 ||     2
 Stab: Sleeping          |     1 |     2 ||     3
  Eat: Chunk             |     5 |     3 ||     8
Armor: Robe              |     8 |    39 ||    47
Dodge: Dodged            |    20 |   102 ||   122
